 Dungeon Crawl Stone Soup version 0.29.1-15-g9cfb28693d (webtiles) character file.

Game seed: 13012320092627192270

2492 Jase the Frost Mage (level 9, -4/58 (63) HPs)
             Began as a Merfolk Ice Elementalist on Mar 30, 2023.
             Was an Initiate of Dithmenos.
             Slain by a wight
             ... wielding a +3 war axe of freezing
              (9 damage)
             ... on level 7 of the Dungeon on Mar 31, 2023.
             The game lasted 00:38:21 (9725 turns).

Jase the Frost Mage (Merfolk Ice Elementalist)      Turns: 9725, Time: 00:38:23

HP:   -4/58 (63)    AC: 15    Str:  9    XL:     9   Next: 52%
MP:   16/16         EV: 13    Int: 18    God:    Dithmenos [......]
Gold: 261           SH:  5    Dex: 14    Spells: 11/18 levels left

rFire   + . .      SeeInvis +   a - +0 spear
rCold   + . .      Faith    .   (no shield)
rNeg    . . .      Spirit   .   K - +2 robe {rC+}
rPois   +          Reflect  +   B - +0 helmet {SInv}
rElec   +          Harm     .   N - +0 cloak of Lugonu's Whim {rElec rF+ rCorr}
rCorr   +          Rampage  .   (no gloves)
Will    .....                   y - +0 pair of boots
Stlth   ++........              r - amulet of reflection
HPRegen 0.19/turn               p - ring of poison resistance
MPRegen 0.15/turn               (no ring)

@: mighty, ice-armoured, hasted, drained, very quick
A: (nimble swimmer 2), mertail
a: Renounce Religion


You were on level 7 of the Dungeon.
You worshipped Dithmenos.
Dithmenos was noncommittal.
You visited 2 branches of the dungeon, and saw 8 of its levels.

You collected 261 gold pieces.

Inventory:

Hand Weapons
 a - a +0 spear (weapon)
 b - a +1 dagger of electrocution
Missiles
 d - a throwing net
 f - 26 poisoned darts (quivered)
 j - 65 stones
 q - 9 boomerangs
 F - 6 javelins
Armour
 y - a +0 pair of boots (worn)
 B - a +0 helmet of see invisible (worn)
 D - a +2 ring mail of cold resistance
 K - a +2 robe of cold resistance (worn)
 N - the +0 cloak of Lugonu's Whim (worn) {rElec rF+ rCorr}
   (You found it on level 7 of the Dungeon)

   rF:        It protects you from fire.
   rElec:     It insulates you from electricity.
   rCorr:     It protects you from acid and corrosion.
Jewellery
 p - a ring of poison resistance (left hand)
 r - an amulet of reflection (around neck)
Wands
 L - a wand of charming (8)
Scrolls
 h - a scroll of torment {unknown}
 l - a scroll of amnesia {unknown}
 m - a scroll of silence {unknown}
 s - 2 scrolls of butterflies {unknown}
 t - a scroll of brand weapon {unknown}
 w - 4 scrolls of teleportation {unknown}
 x - 2 scrolls of enchant weapon {unknown}
 z - a scroll of enchant armour {unknown}
 A - 2 scrolls of fear {unknown}
 C - a scroll of vulnerability {unknown}
 E - a scroll of summoning {unknown}
 H - a scroll of magic mapping {unknown}
Potions
 c - 2 potions of curing
 e - a potion of attraction
 g - a potion of haste
 n - 3 potions of heal wounds {unknown}
 o - 3 potions of mutation {unknown}
 u - 2 potions of berserk rage {unknown}
 v - a potion of brilliance
 G - a potion of resistance
 I - a potion of lignification {unknown}
 J - a potion of magic
 M - a potion of flight {unknown}


   Skills:
 - Level 3.0 Fighting
 * Level 7.2 Polearms
 + Level 4.4 Dodging
 - Level 2.1 Stealth
 - Level 5.0 Spellcasting
 + Level 10.8 Ice Magic
 + Level 1.3 Invocations


You had 11 spell levels left.
You knew the following spells:

 Your Spells              Type           Power      Damage    Failure   Level
a - Freeze                Ice            100%       1d11      1%          1
b - Ozocubu's Armour      Ice            43%        N/A       1%          3
c - Frozen Ramparts       Ice            86%        1d13      1%          3

Your spell library contained the following spells:

 Spells                   Type           Power      Damage    Failure   Level
 Apportation              Tloc           8%         N/A       13%         1
 Necrotise                Necr           16%        1d4       13%         1
 Summon Small Mammal      Summ           16%        N/A       13%         1
 Hailstorm                Conj/Ice       23%        3d7       14%         4
 Airstrike                Air            2%         2d(1-17)  78%         4
 Summon Lightning Spire   Summ/Air       4%         N/A       78%         4
 Ozocubu's Refrigeration  Ice            21%        4d12      78%         7
 Lightning Bolt           Conj/Air       2%         1d13      98%         5


Dungeon Overview and Level Annotations

Branches:
Dungeon (7/15)             Temple (1/1) D:6

Altars:
Ashenzari
Dithmenos
Fedhas
Gozag
Hepliaklqana
Kikubaaqudgha
Nemelex Xobeh
Okawaru
Qazlal
Sif Muna
Trog
Uskayaw
Vehumet
Xom
Yredelemnul
Zin
The Shining One

Shops:
D:6 (

Annotations:
D:7 1 runed translucent door, exclusion: 2 killer bees, Crazy Yiuf


Innate Abilities, Weirdness & Mutations

((You are very nimble when in or above water. (Stealth+, EV+, Speed+++)))
Your lower body shifts to a powerful aquatic tail in water.


Message History

The wight hits you with a +3 war axe of freezing!
* * * LOW HITPOINT WARNING * * *
You feel drained. The wight freezes you.
* * * LOW HITPOINT WARNING * * *
You feel very mighty all of a sudden. The wight closely misses you.
You hit the wight.
The wight is heavily damaged.
The wight hits you but does no damage.
You closely miss the wight.
The wight is heavily damaged.
You closely miss the wight.
The wight is heavily damaged.
The wight hits you with a +3 war axe of freezing.
* * * LOW HITPOINT WARNING * * *
The wight freezes you.
* * * LOW HITPOINT WARNING * * *
You hit the wight but do no damage.
The wight is heavily damaged.
The wight hits you but does no damage.
You barely miss the wight.
The wight is heavily damaged.
You hit the wight. Your punch misses the wight.
The wight is heavily damaged.
The wight hits you but does no damage.
Okay, then.
Okay, then.
Unknown command.
Unknown command.
It was a potion of curing.
You feel better. The wight barely misses you.
You hit the wight.
The wight is severely damaged.
The wight hits you with a +3 war axe of freezing!
* * * LOW HITPOINT WARNING * * *
You hit the wight.
The wight is almost destroyed.
The wight hits you but does no damage.
It was a potion of haste.
You feel yourself speed up.
The wight hits you with a +3 war axe of freezing!
You die...

#.............###
#.##.............
#.###########....
#.# #.... ##.#
##### #..########
# #>....)....
#.######### #@#
#z# #z..z.z..
###.lz..# .....#
##### #### ....
#### #.


You could see 2 wights.

Vanquished Creatures
  Edmund (D:4)
  Duvessa (D:5)
  A water moccasin (D:6)
  An orc warrior (D:6)
  2 black bears
  3 ice beasts
  4 ogres
  A bullfrog (D:7)
  A necrophage (D:6)
  3 scorpions
  A wight (D:7)
  Dowan (D:5)
  A howler monkey (D:4)
  2 hounds
  3 jellies
  A gnoll bouda (D:6)
  6 orc priests
  4 iguanas
  5 orc wizards
  3 gnolls (D:6)
  8 adders
  A white imp (D:6)
  A worm (D:4)
  2 dart slugs
  27 orcs
  7 bats
  6 endoplasms
  2 giant cockroaches (D:1)
  7 goblins
  7 hobgoblins
  3 jackals (D:2)
  6 quokkas
  5 ball pythons
  A frilled lizard (D:3)
  8 kobolds
  6 rats
142 creatures vanquished.

Notes
Turn   | Place    | Note
-------+----------+-------------------------------------------
     0 | D:1      | Jase the Merfolk Ice Elementalist began the quest for the
                  | Orb.
     0 | D:1      | Reached XP level 1. HP: 13/13 MP: 3/3
   339 | D:1      | Reached XP level 2. HP: 19/19 MP: 3/5
   664 | D:1      | Reached skill level 5 in Ice Magic
   772 | D:1      | Reached XP level 3. HP: 24/24 MP: 4/6
   776 | D:1      | Learned a level 3 spell: Ozocubu's Armour
  1447 | D:2      | Reached XP level 4. HP: 17/30 MP: 1/8
  1774 | D:2      | Learned a level 3 spell: Frozen Ramparts
  3153 | D:4      | Reached skill level 6 in Ice Magic
  3153 | D:4      | Reached XP level 5. HP: 35/35 MP: 0/9
  3249 | D:4      | Noticed an ogre
  3269 | D:4      | Killed an ogre
  3283 | D:4      | Reached XP level 6. HP: 18/41 MP: 0/11
  3679 | D:4      | Noticed Edmund
  3681 | D:4      | Reached skill level 7 in Ice Magic
  3841 | D:4      | Killed Edmund
  3858 | D:4      | Reached XP level 7. HP: 31/46 MP: 1/13
  4422 | D:5      | Entered Level 5 of the Dungeon
  4468 | D:5      | Reached skill level 8 in Ice Magic
  4838 | D:5      | Found a shimmering blue altar of Sif Muna.
  4846 | D:5      | Noticed Dowan
  4847 | D:5      | Noticed Duvessa
  4876 | D:5      | Killed Dowan
  4881 | D:5      | Killed Duvessa
  5138 | D:5      | Reached skill level 9 in Ice Magic
  5213 | D:5      | Reached skill level 5 in Spellcasting
  5213 | D:5      | Reached XP level 8. HP: 52/52 MP: 8/15
  5873 | D:5      | Reached skill level 1 in Fighting
  6428 | D:6      | Reached skill level 10 in Ice Magic
  6445 | D:6      | Reached skill level 1 in Polearms
  6749 | D:6      | Found Nischo's Firing Range.
  7474 | D:6      | Reached skill level 5 in Polearms
  7474 | D:6      | Reached XP level 9. HP: 60/61 MP: 7/16
  7797 | D:6      | Found a staircase to the Ecumenical Temple.
  7955 | Temple   | Entered the Ecumenical Temple
  8115 | Temple   | Became a worshipper of Dithmenos the Shadowed
  8741 | D:7      | Identified the +0 cloak of Lugonu's Whim {rElec rF+ rCorr}
  8941 | D:7      | Found a stormy altar of Qazlal.
  8974 | D:7      | Found a runed translucent door.
  8975 | D:7      | Noticed Crazy Yiuf
  9455 | D:7      | Reached skill level 1 in Invocations
  9725 | D:7      | Slain by a wight

Illustrated notes

Levels and vault maps discovered:
D:1:      nzn_arrival_water_spiral, layout_rooms
D:2:      layout_basic
D:3:      layout_basic
D:4:      layout_rooms, uniq_edmund
D:5:      layout_layer_cave, mainiacjoe_overflow_concentric_impassable,
          uniq_duvessa
D:6:      layout_loops_ring, minmay_temple_entry_poolview, grunt_ministairs_5,
          nicolae_shop_firing_range
D:7:      layout_basic, mainiacjoe_overflow_brackets, uniq_joseph,
          uniq_crazy_yiuf_cottage
Temple:   nicolae_temple_bog_church

Skill      XL: |  1  2  3  4  5  6  7  8  9 |
---------------+----------------------------+-----
Ice Magic      | 5 6 7 9 10 | 10.8
Spellcasting   | 3 4 5 |  5.0
Fighting       | 2 3 |  3.0
Polearms       | 5 7 |  7.2
Dodging        | 4 |  4.4
Invocations    | 1 |  1.3
Stealth        | |  2.1

Action                   |  1- 3 |  4- 6 |  7- 9 || total
-------------------------+-------+-------+-------++-------
Melee: Unarmed           |     1 |       |       ||     1
       Dagger            |     2 |    61 |    29 ||    92
       Punch             |       |     1 |     4 ||     5
       Spear             |       |       |   220 ||   220
Throw: Dart              |       |     5 |    11 ||    16
 Cast: Freeze            |    54 |    37 |    90 ||   181
       Ozocubu's Armour  |       |     5 |    29 ||    34
       Frozen Ramparts   |       |     3 |    12 ||    15
  Use: Scroll            |       |       |     5 ||     5
       Potion            |       |       |     3 ||     3
 Stab: Sleeping          |     2 |     3 |     8 ||    13
Armor: Robe              |     7 |    15 |    78 ||   100
Dodge: Dodged            |    22 |    28 |    93 ||   143
Block: Other             |     1 |    14 |    38 ||    53
